 Dungeon Crawl Stone Soup version 0.25-b1-37-g2669288c55 (webtiles) character file.

Game seed: 3303253796273916585

228 Masnef the Ruffian (level 5, 0/50 HPs)
             Began as a Troll Fighter on June 4, 2020.
             Slain by a crocodile (16 damage)
             ... in a sewer.
             The game lasted 00:03:02 (2768 turns).

Masnef the Ruffian (Troll Fighter)                  Turns: 2768, Time: 00:03:02

Health: 0/50       AC:  6    Str: 25    XL:     5   Next: 70%
Magic:  4/4        EV:  8    Int:  4    God:
Gold:   209        SH:  9    Dex:  9    Spells: 4/4 levels left

rFire    . . .     SeeInvis .     - Unarmed
rCold    . . .     Gourm    +   b - +0 kite shield
rNeg     . . .     Faith    .   a - +0 robe
rPois    .         Spirit   .   (helmet restricted)
rElec    .         Reflect  .   (no cloak)
rCorr    .         Harm     .   (gloves unavailable)
MR       .....     Rnd*Tele +   (boots unavailable)
Stlth    +.........             (no amulet)
HPRegen  0.56/turn              v - ring of teleportation (curse)
MPRegen  0.09/turn              (no ring)

@: mighty, flying, hasted, very quick
A: large, unfitting armour, claws 3, fast metabolism 3, gourmand, regeneration
1, shaggy fur 1, tough skin 3
a: no special abilities


You were in a sewer.
You were completely stuffed.

You visited 1 branch of the dungeon, and saw 4 of its levels.
You also visited: Sewer.

You collected 209 gold pieces.

Inventory:

Armour
 a - a +0 robe (worn)
 b - a +0 kite shield (worn)
Jewellery
 v - a cursed ring of teleportation (left claw)
Scrolls
 f - 4 scrolls of identify {unknown}
 h - 2 scrolls of fear {unknown}
 j - 5 scrolls of enchant armour {unknown}
 k - a scroll of remove curse {unknown}
 l - a scroll of random uselessness {unknown}
 p - 2 scrolls of noise {unknown}
 t - 2 scrolls of enchant weapon {unknown}
 u - 2 scrolls of amnesia {unknown}
 w - a scroll of immolation {unknown}
Potions
 c - 2 potions of might
 e - 3 potions of flight
 g - 3 potions of haste
 i - a potion of stabbing {unknown}
 m - a potion of berserk rage {unknown}
 n - a potion of cancellation {unknown}
 o - 2 potions of heal wounds
 q - a potion of degeneration {unknown}
 r - a potion of invisibility {unknown}
Comestibles
 d - 7 rations
 s - 3 chunks of flesh


   Skills:
 - Level 2.4 Fighting
 - Level 2.4 Dodging
 + Level 3.0 Shields
 + Level 5.6 Unarmed Combat


You had 4 spell levels left.
You didn't know any spells.
Your spell library was empty.

Dungeon Overview and Level Annotations

Branches:
Dungeon (4/15)              Sewer (1/1)
 Temple: D:4-7

Altars:
Dithmenos


Innate Abilities, Weirdness & Mutations

You are too large for most types of armour.
You have claws for hands.
Your metabolism is lightning-fast.
You like to eat raw meat.
Your natural rate of healing is unusually fast.
You are covered in fur. (AC +1)
You have extremely tough skin. (AC +3)


Message History

The crocodile closely misses you.
You closely miss the crocodile.
The crocodile is lightly wounded.
The crocodile bites you!
* * * LOW HITPOINT WARNING * * *
It was a potion of flight.
You feel very buoyant.
You fly up into the air.
You block the crocodile's attack.
It was a potion of haste.
You feel yourself speed up. You block the crocodile's attack.
It was a potion of heal wounds.
You feel much better. You block the crocodile's attack.
You completely miss the crocodile.
You feel very mighty all of a sudden. The crocodile bites you!
* * * LOW HITPOINT WARNING * * *
You scratch the crocodile.
The crocodile is lightly wounded.
The crocodile bites you!
You die...

####### #.#
##.....## #.#
#...≈...## #.#
...≈≈≈...#######.#
∩.≈≈≈≈≈..........#
.÷÷≈≈≈...#######.#
#÷..≈...## #.#
##.....## #.#
####### #@#
#..t..# #.......#
#.......#
#.......#
#.......#
#..$!$..#
##$?$)$##


You could see a crocodile.

Vanquished Creatures
  A scorpion (D:3)
  A crimson imp (D:3)
  3 adders
  2 oozes (D:2)
  6 worms
  A dart slug (D:3)
  4 leopard geckos
  An orc (D:3)
  A ball python (D:3)
  3 giant cockroaches
  7 goblins
  14 hobgoblins
  5 jackals
  3 quokkas
  12 bats
  2 frilled lizards
  6 kobolds
  8 rats
80 creatures vanquished.

Notes
Turn   | Place    | Note
-------+----------+-------------------------------------------
     0 | D:1      | Masnef the Troll Fighter began the quest for the Orb.
     0 | D:1      | Reached XP level 1. HP: 22/22 MP: 0/0
   304 | D:1      | Reached XP level 2. HP: 29/29 MP: 1/1
   603 | D:2      | Reached skill level 3 in Unarmed Combat
   697 | D:2      | Reached XP level 3. HP: 36/36 MP: 2/2
   933 | D:2      | Reached skill level 4 in Unarmed Combat
  1664 | D:3      | Reached XP level 4. HP: 35/44 MP: 3/3
  1727 | D:3      | Found a shadowy altar of Dithmenos.
  2268 | D:3      | Reached XP level 5. HP: 50/50 MP: 4/4
  2317 | D:3      | Reached skill level 5 in Unarmed Combat
  2703 | D:4      | Found a glowing drain.
  2714 | Sewer    | Entered a sewer
  2753 | Sewer    | Noticed a crocodile
  2768 | Sewer    | Slain by a crocodile

Illustrated notes

Levels and vault maps discovered:
D:1:      dpeg_arrival_central, layout_basic
D:2:      layout_basic, minmay_misc_feat_iff, minmay_pentomino_pile
D:3:      minmay_razor_zed, layout_basic, lemuel_doored_altar,
          corexii_item_surrounded_by_moat, minmay_misc_feat_tower
D:4:      layout_loops_ring, first_ration, portal_sewer_entry_a
Sewer:    sewer_big_baddie

Skill      XL: |  1  2  3  4  5 |
---------------+----------------+-----
Unarmed Combat | 3 4 5 |  5.6
Shields        | 3 |  3.0
Fighting       | |  2.4
Dodging        | |  2.4

Action                   |  1- 3 |  4- 6 || total
-------------------------+-------+-------++-------
Melee: Unarmed           |   116 |   135 ||   251
  Use: Potion            |       |     4 ||     4
  Eat: Chunk             |    19 |    12 ||    31
Armor: Robe              |    38 |    48 ||    86
Dodge: Dodged            |    31 |    53 ||    84
Block: Kite shield       |    45 |    59 ||   104
